Cogmind - Beta 12 @@@ ROGUE MODE // 2023.05.21 @ 15:31:59 Player: Inkie Result: Destroyed by G-34 Mercenary with Small Laser Performance ------------- Evolutions (0) 0 Regions Visited (1) 200 Robots Destroyed (23) 115 Value Destroyed (612) 612 Prototype IDs (5) 100 Alien Tech Used (0) 0 Bonus (0) 0 TOTAL SCORE: 1027 Bonus ------- None Cogmind --------- Core Integrity 0/250 Matter 300/300 Energy 100/100 System Corruption 0% Temperature Cool (31) Movement Treading (240) Ox1 Location -10/Materials Parts ------- > --- POWER (1) -------- (None) > --- PROPULSION (2) --- Light Treads Armored Wheel > --- UTILITY (2) ------ Heat Sink Large Storage Unit > --- WEAPON (2) ------- Medium Laser Medium Laser > --- INVENTORY (15) --- Ion Engine Ion Engine Wheel Wheel Armored Wheel Armored Wheel Armored Wheel Huge Storage Unit ECM Suite Light Armor Plating Medium Laser Particle Gun Grenade Launcher Peak State ------------ > --- POWER ------------ Light Nuclear Core > --- PROPULSION ------- Light Treads Armored Wheel > --- UTILITY ---------- Heat Sink Large Storage Unit > --- WEAPON ----------- Medium Laser Assault Rifle > --- INVENTORY -------- Ion Engine Armored Wheel Armored Wheel Armored Wheel Light Armor Plating Small Laser Small Laser Grenade Launcher [Rating: 11] Favorites ----------- Power Light Nuclear Core Engine Ion Engine Power Core Light Nuclear Core Propulsion Light Treads Treads Light Treads Wheel Armored Wheel Utility Large Storage Unit Device Heat Sink Storage Large Storage Unit Weapon Medium Laser Energy Gun Medium Laser Ballistic Gun Assault Rifle Build | -11 -10 ------- Run | Jun Mat Slots Evolved . | . . Power . | . . Propulsion . | . . Utility . | . . Weapon . | . . Parts Attached 15 | 6 9 Power 2 | 1 1 Engine 1 | 1 . Core 1 | . 1 Reactor . | . . Propulsion 4 | 2 2 Treads 3 | 2 1 Leg . | . . Wheel 1 | . 1 Hover . | . . Flight . | . . Utility 4 | 1 3 Device 1 | . 1 Storage 3 | 1 2 Processor . | . . Hackware . | . . Protection . | . . Artifact . | . . Weapon 5 | 2 3 Energy Gun 4 | 2 2 Energy Cannon . | . . Ballistic Gun 1 | . 1 Ballistic Cannon . | . . Launcher . | . . Special Weapon . | . . Impact Weapon . | . . Slashing Weapon . | . . Piercing Weapon . | . . Special Melee Weapon . | . . Unidentified Prototypes . | . . Parts Lost 5 | . 5 Power 2 | . 2 Propulsion 1 | . 1 Utility . | . . Weapon 2 | . 2 Highest Loss Streak 2 | . 2 To Critical Strikes . | . . Average Slot Usage (%) 94 | . 94 Engine 1 | . 1 Core 9 | . 9 Treads 17 | . 17 Wheel 9 | . 9 Device 11 | . 11 Storage 14 | . 14 Energy Gun 17 | . 17 Ballistic Gun 10 | . 10 Naked Turns . | . . Heaviest Build 30 | 13 30 Greatest Support 40 | 40 40 Greatest Overweight (x) 2 | . 2 Average Overweight (x) 1 | . 1 Largest Inventory Capacity 15 | 8 15 Average Capacity 14 | 6 14 Most Carried 15 | 2 15 Average Carried 9 | . 9 Final Capacity 15 | 8 15 Final Carried 13 | 2 13 Class Distribution -------------------- 100% | Mutant Dominant Class ---------------- Mutant | -10/Materials Resources | -11 -10 ----------- Run | Jun Mat Matter Collected 501 | 211 290 Remotely . | . . Salvage Created 730 | . 730 Parts 44 | . 44 Haulers Intercepted . | . . Recyclers Shooed . | . . Parts Field Recycled . | . . Retrieved Matter . | . . Parts Self-Destructed . | . . Prevented . | . . Kills | -11 -10 ------- Run | Jun Mat Combat Hostiles Destroyed 21 | . 21 Guns 21 | . 21 Classes Destroyed 4 | . 4 Mechanic 1 | . 1 Watcher 1 | . 1 Swarmer 6 | . 6 Grunt 15 | . 15 Best Kill Streak 7 | . 7 Combat Bots Only 7 | . 7 Max Kills in Single Turn 2 | . 2 Gunslinging 1 | . 1 Exploded . | . . Melee . | . . Uniques/NPCs Destroyed . | . . Combat | -11 -10 -------- Run | Jun Mat Damage Taken 1084 | . 1084 Core 259 | . 259 Absorbed by Shields . | . . Regen/Repaired (Parts) 122 | . 122 Core Remaining (%) 100 | 100 . Volleys Fired 79 | . 79 Largest 2 | . 2 Hottest 100 | . 100 Shots Fired 156 | . 156 Gun 156 | . 156 Cannon . | . . Launcher . | . . Special . | . . Kinetic 57 | . 57 Thermal 99 | . 99 Explosive . | . . Electromagnetic . | . . Robot Hit Streak 15 | . 15 Robot Miss Streak 6 | . 6 Penetration Max . | . . Secondary Targets 4 | . 4 Max Gunslinging Chain 1 | . 1 Shots Hit Robots 106 | . 106 Core Hits 41 | . 41 Critical Kills 1 | . 1 Critical Parts Destroyed . | . . Critical Strikes 6 | . 6 Burn 5 | . 5 Destroy 1 | . 1 Melee Attacks . | . . Impact . | . . Slashing . | . . Piercing . | . . Sneak Attacks . | . . Combat Hostiles . | . . Follow-up Attacks . | . . Damage Inflicted 1341 | . 1341 Guns 1341 | . 1341 Cannons . | . . Explosions . | . . Melee . | . . Ramming . | . . Kinetic 465 | . 465 Thermal 876 | . 876 Explosive . | . . Electromagnetic . | . . Impact . | . . Slashing . | . . Piercing . | . . Highest Corruption . | . . Average Corruption . | . . Corruption Purged . | . . Corruption Blocked . | . . Overload Shots . | . . Overflow Damage . | . . Projectiles . | . . Explosions . | . . Melee . | . . Knockbacks . | . . Impact . | . . Kinetic . | . . Secondary . | . . Self-Inflicted Damage . | . . Shots . | . . Rammed 1 | . 1 Targets Rammed 1 | . 1 Kicked . | . . Crushed . | . . Highest Temperature 213 | . 213 Average Temperature 76 | . 76 Received Heat Transfer 447 | . 447 Siege Activations . | . . Robots Corrupted . | . . Combat Hostiles . | . . Parts Fried . | . . Impact Corruptions . | . . Robots Melted . | . . Combat Hostiles . | . . Parts Melted 8 | . 8 Heat Transferred 2913 | . 2913 Parts Sabotaged . | . . Parts Stolen . | . . Parts Stripped . | . . Power Chain Reactions . | . . Missiles Intercepted . | . . Alert | -11 -10 ------- Run | Jun Mat Peak Influence 359 | . 359 Initial . | . . Average 117 | . 126 Maximum Alert Level 1 | . 1 Low Security (%) 82 | 100 81 Level 1 17 | . 18 Level 2 . | . . Level 3 . | . . Level 4 . | . . Level 5 . | . . High Security . | . . Max Security . | . . Squads Dispatched 8 | . 8 Investigation 5 | . 5 Extermination . | . . Reinforcement 3 | . 3 Assault . | . . Garrison . | . . Intercept . | . . Searches Triggered . | . . Construction Impeded . | . . Haulers Reinforced . | . . Active Scanning Responses . | . . Cargo Convoy Interrupts . | . . Stealth | -11 -10 --------- Run | Jun Mat Distress Signals 3 | . 3 Communications Jammed . | . . Distress Signals . | . . Times Spotted 38 | . 38 Peak Tracking Total 7 | . 7 Tactical Retreats . | . . Traps | -11 -10 ------- Run | Jun Mat Traps Triggered 5 | . 5 Indirectly . | . . Trap Hack Attempts . | . . Triggered . | . . Disarmed . | . . Reprogrammed . | . . Reused . | . . Traps Extracted . | . . Installed . | . . Triggered . | . . Machines | -11 -10 ---------- Run | Jun Mat Machines Disabled . | . . Max in Single Turn . | . . Machines Repaired . | . . Machines Sabotaged . | . . Overloaded Fab Kills . | . . Hacking | -11 -10 --------- Run | Jun Mat Machines Accessed 8 | . 8 Terminals 5 | . 5 Fabricators . | . . Repair Stations 1 | . 1 Recycling Units 2 | . 2 Scanalyzers . | . . Garrison Access . | . . Total Hacks 17 | . 17 Successful 9 | . 9 Failed 8 | . 8 Catastrophic 1 | . 1 Database Lockouts . | . . Manual 15 | . 15 Terminals 13 | . 13 Fabricators . | . . Repair Stations 2 | . 2 Recycling Units 2 | . 2 Scanalyzers . | . . Garrison Access . | . . Terminal Hacks 4 | . 4 Prototype ID Bank 3 | . 3 Branch Access Points 1 | . 1 Fabricator Hacks . | . . Repair Station Hacks 2 | . 2 Scan Component 1 | . 1 Repair 1 | . 1 Recycling Unit Hacks . | . . Scanalyzer . | . . Garrison Access Hacks . | . . Unauthorized Hacks 3 | . 3 Terminals 1 | . 1 Operators 1 | . 1 Fabricators . | . . Repair Stations . | . . Recycling Units 2 | . 2 Tunnel 2 | . 2 Scanalyzers . | . . Garrison Access . | . . Data Cores Recovered . | . . Used . | . . Hacking Detections 5 | . 5 Full Trace Events . | . . Feedback Events . | . . Feedback Blocked . | . . Robot Schematics Acquired . | . . Robots Built . | . . Authchips . | . . Time . | . . Total Robot Build Rating . | . . Part Schematics Acquired . | . . Parts Built . | . . Authchips . | . . Time . | . . Total Part Build Rating . | . . Parts Repaired 1 | . 1 Time 26 | . 26 Parts Recycled . | . . Recycled Matter . | . . Retrieved Matter . | . . Retrieved Components . | . . Parts Scanalyzed . | . . Part Schematics Acquired . | . . Parts Damaged . | . . Bothacking | -11 -10 ------------ Run | Jun Mat Used RIF Installer . | . . Robots Hacked . | . . Non-combat . | . . Combat . | . . Robot Hacks Applied . | . . Relay Couplers Released . | . . Fabnet Peak Effective % . | . . Robots Rewired . | . . Allies Hacked . | . . Hacks Repelled . | . . Allies | -11 -10 -------- Run | Jun Mat Total Allies . | . . Largest Group . | . . Highest-Rated Group . | . . Highest-Rated Ally . | . . Total Orders . | . . Ally Attacks . | . . Total Damage . | . . Kills . | . . Allies Corrupted . | . . Allies Melted . | . . Intel | -11 -10 ------- Run | Jun Mat Robot Analysis Total . | . . Derelict Logs Recovered . | . . Drone Launches . | . . Drone Recoveries . | . . Exploration | -11 -10 ------------- Run | Jun Mat Turns Passed 1142 | 83 1059 Spaces Moved 586 | 48 538 Core 3 | 3 . Treads 187 | 45 142 Legs . | . . Wheels 396 | . 396 Hover . | . . Flight . | . . Fastest Speed 50 | 50 120 Average Speed 132 | 153 130 Slowest Speed 160 | 160 160 Overloaded Moves . | . . Propulsion Burnouts . | . . Robots Hopped . | . . Cave-ins Triggered . | . . Exploration Rate (%) 44 | 4 84 Regions Visited 1 Branch Regions . Pre-discovered Areas 2 | . 2 Known Exits Taken . | . . Unknown Exits Taken 1 | 1 . Scrap Searched . | . . Spaces Dug . | . . Terrain Destroyed . | . . Melee . | . . Projectile . | . . AOE . | . . Terrain Rammed . | . . Walls Destroyed . | . . Machines Disabled . | . . Actions | -11 -10 --------- Run | Jun Mat Total 796 | 55 741 Wait 94 | . 94 Move 585 | 47 538 Hop . | . . Pick Up 18 | 2 16 Fast Attach 10 | 6 4 Attach 3 | . 3 Detach . | . . Swap 2 | . 2 Drop 4 | . 4 Fire 79 | . 79 Melee . | . . Ram . | . . Kick . | . . Crush 1 | . 1 Escape Stasis . | . . Rewire . | . . Trap . | . . Miscellaneous . | . . Route ------- -11/Junkyard -10/Materials (discovered 4 exits: [*Mat x2] / *Min x2) History --------- Turn | Location | Event 2 | -11/Junkyard | Met Revision 17 8 | -11/Junkyard | Discovered new exit (range 16) 84 | -11/Junkyard | Entered Materials 306 | -10/Materials | Build established: Mutant 446 | -10/Materials | Discovered new exit (range 13) 492 | -10/Materials | Repaired Lgt. Treads 622 | -10/Materials | Discovered new exit (range 16) 757 | -10/Materials | Core integrity fell below 50% 771 | -10/Materials | Discovered new exit (range 3) 973 | -10/Materials | Core integrity fell below 20% 1018 | -10/Materials | Identified exit to Mines 1097 | -10/Materials | Destroyed 7 combat bots 1143 | -10/Materials | Destroyed by G-34 Mercenary with Small Laser Last Messages --------------- 01058_ Acquired 10 matter. 01058_ S-10 Pest suffers critical hit (Burn). 01061_ S-10 Pest destroyed. 01064_ G-34 Mercenary suffers critical hit (Burn). 01070_ G-34 Mercenary heat short circuits Aluminum Leg. 01071_ G-34 Mercenary heat short circuits Ion Engine. 01072_ G-34 Mercenary overheating. 01074_ G-34 Mercenary heat damages Sml. Laser. 01075_ G-34 Mercenary heat damages Broken Aluminum Leg. 01075_ G-34 Mercenary overheating. 01076_ Heat Sink melted. 01076_ Broken Aluminum Leg melted. 01076_ Broken Ion Engine melted. 01076_ G-34 Mercenary destroyed. 01119_ Triggered Alarm Trap. 01119_ An alarm sounds. 01119_ ALERT: Alarm triggered, dispatching investigation squad. 01129_ ALERT: Hostiles spotted, dispatching reinforcements to Terminal M006. 01142_ Lgt. Nuclear Core destroyed. Map ----- +----------------------------------------------------+ | ??????###?????#%## | ###"" !!%* + | | ??????????????#=## [ #?#"" """*# | | ??????????????#%## [ #?#"T """ # | | ??????????????#=########?#"" """ # | | ??????????????#=#????????#"" # | | ??????????????# #????????# # | | ??????????????# #????????########### | | ??????????????# #??????????????????? | | ??????????????# #??????????????????? | | ????########### #??????????????????? | | ????# # #??????????????????? | | ????# # #??????????????????? | | ????? ! ! # #??????????????##### | | ??????? ??# #??????????????# | | ?????#+##+#???# #??????????????# | | ?????# #???# #??????????????# | | ######+## #???# #??????????????# | | # # #???# #??????????????# ! | | # # #???# #??????????????# | | # # #??## ####???????????# | | # # #### #???????????# | | #!![ # #???????????# | | #![[ + g #???????????# | | #![[ # #?????####### "Y" | | # # g## * [#?????# # """ | | # # @### ##?????# """ # | | # # #?# #??????# """ ##### | | # # #?# #??????# """ # | | ######### #?? #??????# # | | ????????# #?? #??????# """ + | | ????????# #?? #??????# """ # | | ????????# #?? +??????# """ # | | ????????+ #??o #??????# ## | | ????????# #?? #??????# ## | | ????????### #?? #??????# ## | | ??????????? #??? ????????# ## | | ??????????? #????????????######## | | ??????????? #???????????????????#### | | ??????????? ???????????????????????? | | ??????????? ???????????????????????? | | ???????????#???????????????????????? | | ???????????????????????????????????? | | ???????????????????????????????????? | | ???????????????????????????????????? | | ???????????????????????????????????? | | ???????????????????????????????????? | | | | | | | | | +----------------------------------------------------+ Best States ------------- Heat Dissipation 35 Energy Generation 14 Energy Capacity 250 Matter Stores 300 Matter Capacity 300 Sight Range 16 Terrain Scan Density 10 Evasion (%) 40 Recoil Reduction 2 Item Schematics ----------------- None Robot Schematics ------------------ None Fabricated ------------ Nothing Alien Tech Used ----------------- None Achievements -------------- None Challenges ------------ None Game ------ Seed DecoderGrapheneStick Manual? 0 Play Time 00:08:16 Cumulative 504.2 hours Start 2023.05.21 @ 15:24:56 End 2023.05.21 @ 15:31:59 Sessions 1 Manual Loads 0 Difficulty Rogue Special Mode None Game No. 536 Rogue 527 Adventurer 8 Explorer 1 Win Type - Total 10 Types 5/2/3/0/0/0/0/0/0 Lore% 82 Gallery% 91 Achievement% 71 Wizard Run 0 Options --------- ASCII 0 Keyboard 0 Movement Numpad Keybinds 1 Fullscreen 2 Font 18/Terminus Map View 76x50 Tactical HUD 1 Map Filters NONE Filters NONE Steam 1 RUN: 11c06753-ddff-40b1-ab08-60564d6bc3be